 Dungeon Crawl Stone Soup version 0.21.0-3-g78d12a8 (webtiles) character file.

343 Ghouzt the Chopper (level 6, -2/56 HPs)
             Began as a Deep Dwarf Fighter on Jan 11, 2018.
             Splashed by Ijyb's acid (5 damage)
             ... on level 4 of the Dungeon.
             The game lasted 00:10:18 (3049 turns).

Ghouzt the Chopper (Deep Dwarf Fighter)             Turns: 3049, Time: 00:10:18

Health: -2/56      AC:  3    Str: 19 (21) XL:     6   Next: 31%
Magic:  2/2        EV:  7    Int:  6 (9)  God:
Gold:   120        SH: 10    Dex:  5 (6)  Spells: 5/5 levels left

rFire    . . .     SeeInvis .   a - +0 war axe
rCold    + . .     Gourm    .   c - +1 shield
rNeg     . . .     Faith    .   b - +0 scale mail
rPois    .         Spirit   .   (no helmet)
rElec    .         Reflect  .   (no cloak)
rCorr    +         Harm     .   (no gloves)
MR       .....                  (no boots)
Stlth    ..........             (no amulet)
HPRegen  0.00/turn              m - -6 ring of dexterity (curse)
MPRegen  0.08/turn              i - ring "Ycapiz" {rCorr rC+}

@: corroded, non-regenerating
A: damage resistance, heal wounds, sense surroundings 1, no regeneration
a: Heal Wounds


You were on level 4 of the Dungeon.
You were hungry.

You visited 1 branch of the dungeon, and saw 4 of its levels.

You collected 120 gold pieces.

Inventory:

Hand Weapons
 a - a +0 war axe (weapon)
Armour
 b - a +0 scale mail (worn)
 c - a +1 shield (worn)
Jewellery
 i - the ring "Ycapiz" (right hand) {rCorr rC+}
   (You found it on level 4 of the Dungeon)

   [ring of resist corrosion]

   It protects you from cold.
 j - a +3 ring of intelligence
 m - a cursed -6 ring of dexterity (left hand)
Scrolls
 e - 2 scrolls of noise
 k - 2 scrolls of identify
 n - 2 scrolls of teleportation
 o - 2 scrolls of remove curse {unknown}
 q - a scroll of fog {unknown}
Comestibles
 d - 9 chunks of flesh
 f - 4 rations


   Skills:
 + Level 3.4 Fighting
 * Level 5.6 Axes
 + Level 4.2 Armour
 - Level 0.1 Dodging
 + Level 4.3 Shields


You had 5 spell levels left.
You didn't know any spells.

Dungeon Overview and Level Annotations

Branches:
Dungeon (4/15)
 Temple: D:4-7

Altars:
Cheibriados
Elyvilon
Ru
The Shining One

Annotations:
D:4 Ijyb


Innate Abilities, Weirdness & Mutations

You are resistant to damage.
You can heal yourself by infusing magical energy.
You passively map a small area around you.
You do not regenerate.


Message History

You closely miss Ijyb.
Ijyb is lightly wounded.
Ijyb barely misses you.
You closely miss Ijyb.
Ijyb is lightly wounded.
Ijyb zaps a wand.
The bolt of acid hits you! You resist.
* * * LOW HITPOINT WARNING * * *
You are splashed with acid!
The acid burns!
You resist.
* * * LOW HITPOINT WARNING * * *
Ijyb hits you but does no damage.
You feel much better.
Ijyb zaps a wand.
The bolt of acid hits you! You resist.
* * * LOW HITPOINT WARNING * * *
You are splashed with acid!
The acid burns!
You resist.
* * * LOW HITPOINT WARNING * * *
Your scale mail prevents you from hitting Ijyb.
Ijyb is lightly wounded.
Ijyb zaps a wand.
The bolt of acid hits you! You resist.
* * * LOW HITPOINT WARNING * * *
You are splashed with acid!
The acid burns!
You resist.
You die...

#. #.≈≈≈ ≈
..[P≈≈.###.
###...≈≈≈≈#..,.. #
,P....≈≈≈≈.. ...
#.##..#.≈≈≈≈# ....
#P.P.#..≈≈.###....
, #P..^..≈≈≈≈#....
*#g@.≈≈≈≈.... ≈
#PP.##.≈≈≈≈#. ##.
#..≈≈.##*
#*#.##≈≈..#, , ##
###### , * ,* , *
**


You could see Ijyb.

Vanquished Creatures
  An ogre (D:3)
  A centaur (D:3)
  An orc wizard (D:3)
  A worker ant (D:4)
  3 adders
  An ooze (D:3)
  A worm (D:2)
  3 dart slugs
  2 leopard geckos
  7 orcs
  2 giant cockroaches
  10 goblins
  9 hobgoblins
  6 jackals
  A quokka (D:3)
  A ball python (D:2)
  12 bats
  8 frilled lizards
  11 kobolds
  A leopard gecko skeleton (D:4)
  A quokka skeleton (D:4)
  10 rats
93 creatures vanquished.

Notes
Turn   | Place    | Note
-------+----------+-------------------------------------------
     0 | D:1      | Ghouzt the Deep Dwarf Fighter began the quest for the Orb.
     0 | D:1      | Reached XP level 1. HP: 20/20 MP: 1/1
   230 | D:1      | Reached XP level 2. HP: 20/27 MP: 2/2
   484 | D:1      | Reached XP level 3. HP: 24/34 MP: 3/3
   512 | D:1      | Found a glowing golden altar of the Shining One.
   869 | D:1      | Reached skill level 3 in Axes
  1079 | D:2      | Found a white marble altar of Elyvilon.
  1226 | D:2      | Found a sacrificial altar of Ru.
  1260 | D:2      | Reached XP level 4. HP: 42/42 MP: 3/3
  1605 | D:2      | Found a snail-covered altar of Cheibriados.
  2058 | D:3      | Noticed a centaur
  2073 | D:3      | Killed a centaur
  2073 | D:3      | Reached skill level 4 in Axes
  2073 | D:3      | Reached XP level 5. HP: 41/49 MP: 3/3
  2442 | D:3      | Reached skill level 5 in Axes
  2918 | D:4      | Noticed an ogre
  2948 | D:3      | Killed an ogre
  2948 | D:3      | Reached XP level 6. HP: 55/56 MP: 2/2
  2961 | D:4      | Got a smoking jade ring
  2962 | D:4      | Identified the ring "Ycapiz" {rCorr rC+} (You found it on level 4 of the Dungeon)
  3036 | D:4      | Noticed Ijyb
  3049 | D:4      | Splashed by Ijyb's acid

Skill      XL: |  1  2  3  4  5 |
---------------+----------------+-----
Fighting       | 3 |  3.4
Axes           | 3 4 5 |  5.6
Shields        | 4 |  4.3
Armour         | 4 |  4.2
Dodging        | |  0.1

Action                   |  1- 3 |  4- 6 || total
-------------------------+-------+-------++-------
Melee: War axe           |   179 |   156 ||   335
 Abil: Heal Wounds       |     2 |     6 ||     8
  Use: Scroll            |     1 |     4 ||     5
       Potion            |       |     5 ||     5
  Eat: Chunk             |     2 |     5 ||     7
Armor: Scale mail        |   112 |    74 ||   186
Dodge: Dodged            |    66 |    59 ||   125
Block: Shield            |   110 |    91 ||   201
